 Dungeon Crawl Stone Soup version 0.26.1-10-gdfb7c7de75 (webtiles) character file.

Game seed: 14297602846022779527

119 septik the Skirmisher (level 4, -9/46 HPs)
             Began as a Troll Wanderer on Apr 1, 2021.
             Killed by nerve-wracking pain
             ... invoked by Grinder
              (14 damage)
             ... on level 3 of the Dungeon.
             The game lasted 00:09:12 (2323 turns).

septik the Skirmisher (Troll Wanderer)              Turns: 2323, Time: 00:09:12

Health: -9/46      AC:  8    Str: 20    XL:     4   Next: 74%
Magic:  3/3        EV: 10    Int:  9    God:
Gold:   103        SH:  0    Dex:  9    Spells: 3/3 levels left

rFire    . . .     SeeInvis .     - Unarmed
rCold    . . .     Faith    .   (no shield)
rNeg     . . .     Spirit   .   c - +2 robe
rPois    .         Reflect  .   (helmet restricted)
rElec    .         Harm     .   (no cloak)
rCorr    .         Rampage  .   (gloves unavailable)
Will     .....                  (boots unavailable)
Stlth    +.........             (no amulet)
HPRegen  0.55/turn              f - ring of flight
MPRegen  0.08/turn              (no ring)

@: no status effects
A: large, unfitting armour, claws 3, regeneration 1, shaggy fur 1, tough skin 3
a: Evoke Flight


You were on level 3 of the Dungeon.
You visited 1 branch of the dungeon, and saw 4 of its levels.

You collected 103 gold pieces.

Inventory:

Hand Weapons
 d - a +2 dagger of speed
 m - a +0 hunting sling
Missiles
 i - 27 poisoned darts (quivered)
 o - 98 stones
Armour
 c - a +2 robe (worn)
Jewellery
 f - a ring of flight (left claw)
 w - an uncursed ring of see invisible {unknown}
Scrolls
 h - 2 scrolls of amnesia
 j - a scroll of remove curse {unknown}
 k - 2 scrolls of identify {unknown}
 l - a scroll of blinking {unknown}
 p - a scroll of fear {unknown}
 q - a scroll of enchant weapon {unknown}
 v - a scroll of teleportation {unknown}
Potions
 a - 2 potions of resistance {unknown}
 b - a potion of lignification
 e - 2 potions of haste {unknown}
 g - a potion of curing {unknown}
 n - a potion of ambrosia {unknown}
 r - 2 potions of mutation {unknown}
 s - a potion of flight {unknown}
 t - 2 potions of brilliance {unknown}
 u - 2 potions of might {unknown}


   Skills:
 + Level 3.6 Fighting
 - Level 1.7 Maces & Flails
 - Level 1.1 Bows
 - Level 1.0 Throwing
 - Level 1.5 Dodging
 + Level 2.8 Unarmed Combat
 - Level 1.1 Evocations


You had 3 spell levels left.
You didn't know any spells.
Your spell library was empty.

Dungeon Overview and Level Annotations

Branches:
Dungeon (4/15)
 Temple: D:4-7

Altars:
Nemelex Xobeh
Uskayaw

Annotations:
D:3 !grinder, Grinder


Innate Abilities, Weirdness & Mutations

You are too large for most types of armour.
You have claws for hands.
Your natural rate of healing is unusually fast.
You are covered in fur. (AC +1)
You have extremely tough skin. (AC +3)


Message History

Grinder is moderately wounded.
Grinder hits you.
* * * LOW HITPOINT WARNING * * *
You writhe in agony.
* * * LOW HITPOINT WARNING * * *
You scratch Grinder.
Grinder is heavily wounded.
Grinder hits you but does no damage.
You scratch Grinder but do no damage.
Grinder is heavily wounded.
Grinder hits you.
* * * LOW HITPOINT WARNING * * *
You claw Grinder!
Grinder is almost dead.
Grinder barely misses you.
You barely miss Grinder.
Grinder is almost dead.
Grinder gestures at you. Pain shoots through your body!
You die...

#...........###..#
####..####### #.)# #.#
#..# .###.# ##.(#
.##.. #...# .##.#
#.#.# .##.# #..#.#
.#..#### #.##5#
.......# #.##@#
....##.## #.##(#
.....#..## ##.##.#
..#...#..###..##.#
....#<....##.###.#####
....###..............#
.##..####.)..........#
.###..#
##..รท........# .#
#..#####.........#


You could see Grinder.

Vanquished Creatures
  A gnoll (D:1)
  2 adders (D:2)
  A white imp (D:3)
  A worm (D:2)
  5 dart slugs
  3 leopard geckos
  6 orcs (D:2)
  2 giant cockroaches
  7 goblins
  8 hobgoblins
  A ball python (D:1)
  8 bats
  6 frilled lizards
  10 kobolds
  3 rats
64 creatures vanquished.

Notes
Turn   | Place    | Note
-------+----------+-------------------------------------------
     0 | D:1      | septik the Troll Wanderer began the quest for the Orb.
     0 | D:1      | septik set off with the following items: a +0 mace, a
                  | potion of lignification, a +2 robe
     0 | D:1      | Reached XP level 1. HP: 22/22 MP: 0/0
    49 | D:1      | Reached XP level 2. HP: 29/29 MP: 1/1
   113 | D:1      | Reached skill level 1 in Unarmed Combat
   215 | D:1      | Reached skill level 3 in Fighting
   215 | D:1      | Reached XP level 3. HP: 33/37 MP: 2/2
   807 | D:2      | Found a sparkling altar of Nemelex Xobeh.
  1489 | D:2      | Reached XP level 4. HP: 45/45 MP: 3/3
  1634 | D:3      | Noticed Grinder
  1783 | D:3      | Found a hide-covered altar of Uskayaw.
  2309 | D:3      | Paralysed by Grinder for 7 turns
  2323 | D:3      | Killed from afar by Grinder

Illustrated notes

Levels and vault maps discovered:
D:1:      evilmike_arrival_plus, layout_basic, minmay_misc_feat_nine_boxes
D:2:      layout_loops_ring, nemelex_xobeh_ov_fountains_minmay, dk_vineyard_1
D:3:      layout_rooms, eat_drink_and_be_merry_uskayaw, lemuel_flame_loot_1,
          uniq_grinder
D:4:      kennysheep_slugbush, layout_cave_pools, gammafunk_ghost_arena,
          amcnicky_mini_rare_corridor_liquid, uniq_pikel

Skill      XL: |  1  2  3 |
---------------+----------+-----
Unarmed Combat | 1 2 |  2.8
Fighting       | 3 |  3.6
Maces & Flails | |  1.7
Bows           | |  1.1
Throwing       | |  1.0
Dodging        | |  1.5
Evocations     | |  1.1

Action                   |  1- 3 |  4- 6 || total
-------------------------+-------+-------++-------
Melee: Unarmed           |     6 |     8 ||    14
       Dagger            |   175 |   110 ||   285
Throw: Dart              |       |    12 ||    12
  Use: Scroll            |     1 |       ||     1
Armor: Robe              |    50 |    57 ||   107
Dodge: Dodged            |    58 |    84 ||   142
